 Dungeon Crawl Stone Soup version 0.22.1-1-ga44c0e5 (webtiles) character file.

2202 HelpMeObiWan the Skirmisher (level 9, -1/70 (72) HPs)
             Began as a Demonspawn Gladiator on Sept 29, 2018.
             Was an Initiate of Wu Jian.
             Slain by a necrophage (3 damage)
             ... on level 7 of the Dungeon.
             The game lasted 00:11:50 (6656 turns).

HelpMeObiWan the Skirmisher (Demonspawn Gladiator)  Turns: 6656, Time: 00:11:51

HP:   -1/70 (72)    AC:  9    Str: 18    XL:     9   Next: 12%
MP:   18/18         EV: 12    Int:  9    God:    Wu Jian [......]
Gold: 132           SH:  0    Dex: 15    Spells: 8/8 levels left

rFire    . . .     SeeInvis .   E - +0 morningstar
rCold    . . .     Gourm    .   (no shield)
rNeg     . . .     Faith    .   M - +0 scale mail
rPois    +         Spirit   .   c - +1 helmet
rElec    .         Reflect  .   (no cloak)
rCorr    .         Harm     .   (no gloves)
MR       .....                  (no boots)
Stlth    +.........             (no amulet)
HPRegen  0.21/turn              p - ring of poison resistance
MPRegen  0.16/turn              B - ring of magical power

@: no status effects
A: claws 2, spiny 3
a: Renounce Religion


You were on level 7 of the Dungeon.
You worshipped Wu Jian.
Wu Jian was noncommittal.
You were not hungry.

You visited 2 branches of the dungeon, and saw 8 of its levels.

You collected 264 gold pieces.
You spent 132 gold pieces at shops.

Inventory:

Hand Weapons
 E - a +0 morningstar (weapon)
Missiles
 d - 4 throwing nets
 h - 291 stones (quivered)
 m - 8 javelins
Armour
 c - a +1 helmet (worn)
 M - a +0 scale mail (worn)
Jewellery
 i - an uncursed ring of ice
 p - a ring of poison resistance (left claw)
 B - a ring of magical power (right claw)
Wands
 z - a wand of iceblast (14)
 D - a wand of clouds (12)
 F - a wand of acid (12)
Scrolls
 u - a scroll of magic mapping {unknown}
 v - a scroll of fog
 w - 3 scrolls of amnesia {unknown}
 y - 2 scrolls of blinking {unknown}
 A - a scroll of enchant armour
 H - a scroll of fear {unknown}
 I - 2 scrolls of teleportation
 J - a scroll of noise {unknown}
Potions
 a - a potion of magic
 e - a potion of invisibility
 j - a potion of cancellation
 k - 7 potions of curing
 l - 3 potions of brilliance {unknown}
 o - a potion of lignification
 q - 2 potions of ambrosia
 s - a potion of berserk rage {unknown}
 C - 2 potions of heal wounds
 G - a potion of degeneration {unknown}
Comestibles
 f - 11 rations


   Skills:
 + Level 7.5 Fighting
 - Level 5.1 Maces & Flails
 - Level 1.7 Throwing
 - Level 5.0 Armour
 - Level 5.1 Dodging
 + Level 3.6 Stealth


You had 8 spell levels left.
You didn't know any spells.
Your spell library contained the following spells:

 Spells                   Type           Power        Failure   Level  Hunger
 Magic Dart               Conj           #...         77%         1    ##.....
 Blink                    Tloc           N/A          88%         2    ###....
 Call Imp                 Summ           #.......     88%         2    ###....
 Slow                     Hex            #.......     88%         2    ###....
 Conjure Flame            Conj/Fire      #.......     98%         3    ####...
 Mephitic Cloud           Conj/Pois/Air  #.......     98%         3    ####...


Dungeon Overview and Level Annotations

Branches:
Dungeon (7/15)             Temple (1/1) D:6

Altars:
Ashenzari
Cheibriados
Dithmenos
Elyvilon
Fedhas
Gozag
Hepliaklqana
Kikubaaqudgha
Makhleb
Okawaru
Qazlal
Ru
Sif Muna
Trog
Uskayaw
Vehumet
Wu Jian
Xom
Yredelemnul
Zin
The Shining One

Shops:
D:5 !   D:7 }

Annotations:
D:5 1 runed door, Aeroq's ghost, novice FoWn
D:7 Menkaure


Innate Abilities, Weirdness & Mutations

You have very sharp fingernails.
You are completely covered in sharp spines.


Message History

You hit the necrophage but do no damage.
The necrophage is lightly damaged.
The necrophage is struck by your spines.
The necrophage closely misses you. The necrophage hits you.
* * * LOW HITPOINT WARNING * * *
The wight barely misses you.
Unknown command.
You puncture the necrophage!
The necrophage is almost destroyed.
The necrophage hits you.
* * * LOW HITPOINT WARNING * * *
You feel your flesh rotting away!
The necrophage hits you but does no damage.
The wight barely misses you.
The necrophage is struck by your spines.
You destroy the necrophage!
The Council accepts your kill.
Your life force feels restored.
The necrophage hits you.
You die...

#.#.# #.#.# #.#.#
######.#.########
...[............#
#...........###.##
#.....$.....#
#..#######
............#
#.........
#......@....#
#.........
.......n#####
#......... #######z#
###.###### #Z#
#.###### #M#
#.#..... §§§
######.#.####
§.§................
#§§§§§............##
#§§ §..#######..#.##


You could see a necrophage, Menkaure, a wight and a water moccasin zombie.

Vanquished Creatures
  Sigmund (D:2)
  A water moccasin (D:4)
  2 necrophages (D:7)
  2 orc warriors (D:6)
  An ice beast (D:7)
  3 ogres
  A centaur (D:6)
  A wyvern zombie (D:6)
  4 howler monkeys
  4 wights (D:6)
  2 crimson imps (D:6)
  2 hounds (D:4)
  Crazy Yiuf (D:2)
  4 orc priests
  3 orc wizards
  A centaur skeleton (D:4)
  An iguana (D:4)
  Natasha (D:2)
  Terence (D:2)
  2 worker ants
  A worker ant zombie (D:7)
  14 adders
  An adder skeleton (D:4)
  5 worms
  A dart slug (D:4)
  4 leopard geckos
  10 orcs
  5 giant cockroaches
  15 goblins
  9 hobgoblins
  5 jackals
  3 quokkas
  2 ball pythons
  7 bats
  9 frilled lizards
  A jackal zombie (D:5)
  5 kobolds
  A quokka skeleton (D:4)
  6 rats
  A fungus (D:2)
143 creatures vanquished.

Notes
Turn   | Place    | Note
-------+----------+-------------------------------------------
     0 | D:1      | HelpMeObiWan the Demonspawn Gladiator began the quest for
                  | the Orb.
     0 | D:1      | Reached XP level 1. HP: 16/16 MP: 1/1
   581 | D:1      | Gained mutation: You have sharp fingernails. [demonic
                  | ancestry]
   581 | D:1      | Reached XP level 2. HP: 23/23 MP: 2/2
  1225 | D:2      | Gained mutation: You are partially covered in sharp spines.
                  | [demonic ancestry]
  1225 | D:2      | Reached XP level 3. HP: 23/28 MP: 3/3
  1315 | D:2      | Reached skill level 3 in Fighting
  1547 | D:2      | Noticed Sigmund
  1567 | D:2      | Killed Sigmund
  1567 | D:2      | Reached skill level 4 in Fighting
  1567 | D:2      | Gained mutation: You have very sharp fingernails. [demonic
                  | ancestry]
  1567 | D:2      | Reached XP level 4. HP: 16/37 MP: 4/4
  1567 | D:2      | Gained mutation: You are mostly covered in sharp spines.
                  | [demonic ancestry]
  1567 | D:2      | Reached XP level 5. HP: 18/42 MP: 5/5
  1634 | D:2      | Noticed Terence
  1643 | D:2      | Killed Terence
  1963 | D:2      | Noticed Natasha
  1970 | D:2      | Reached skill level 5 in Maces & Flails
  1979 | D:2      | Killed Natasha
  1979 | D:2      | Gained mutation: You are completely covered in sharp
                  | spines. [demonic ancestry]
  1979 | D:2      | Reached XP level 6. HP: 31/48 MP: 6/6
  2279 | D:2      | Reached skill level 1 in Armour
  2388 | D:2      | Found a runed door.
  2392 | D:2      | Noticed Crazy Yiuf
  2397 | D:2      | Killed Crazy Yiuf
  3285 | D:4      | Reached XP level 7. HP: 49/54 MP: 7/7
  4009 | D:4      | Reached skill level 5 in Armour
  4057 | D:5      | Entered Level 5 of the Dungeon
  4067 | D:5      | Found Kathrayri's Distillery.
  4076 | D:5      | Bought a potion of curing for 36 gold pieces
  4076 | D:5      | Bought a potion of heal wounds for 60 gold pieces
  4076 | D:5      | Bought a potion of curing for 36 gold pieces
  4175 | D:5      | Found a runed door.
  4178 | D:5      | Noticed Aeroq's ghost (novice FoWn)
  4343 | D:5      | Reached XP level 8. HP: 49/60 MP: 8/8
  4360 | D:5      | Reached skill level 5 in Dodging
  4482 | D:6      | Reached skill level 1 in Stealth
  4886 | D:6      | Reached skill level 5 in Fighting
  4957 | D:6      | Found a staircase to the Ecumenical Temple.
  4969 | Temple   | Entered the Ecumenical Temple
  5307 | Temple   | Became a worshipper of the Wu Jian Council
  5519 | D:6      | Reached skill level 6 in Fighting
  6157 | D:7      | Reached skill level 7 in Fighting
  6259 | D:7      | Found Mozet's Gadget Shop.
  6299 | D:7      | Reached XP level 9. HP: 31/72 MP: 9/9
  6642 | D:7      | Noticed Menkaure
  6654 | D:7      | HP: 2/71 [necrophage (6)]
  6656 | D:7      | Slain by a necrophage

Skill      XL: |  1  2  3  4  5  6  7  8 |
---------------+-------------------------+-----
Maces & Flails | 3 4 5 |  5.1
Fighting       | 4 7 |  7.5
Armour         | 3 5 |  5.0
Dodging        | 3 4 5 |  5.1
Stealth        | 3 |  3.6
Throwing       | |  1.7

Action                   |  1- 3 |  4- 6 |  7- 9 || total
-------------------------+-------+-------+-------++-------
Melee: Flail             |   127 |   108 |    12 ||   247
       War axe           |       |       |   107 ||   107
       Morningstar       |       |       |     9 ||     9
Invok: Lunge             |       |       |     3 ||     3
  Use: Scroll            |     2 |     5 |     3 ||    10
       Potion            |     1 |     1 |       ||     2
 Stab: Sleeping          |       |       |     1 ||     1
  Eat: Chunk             |     2 |     6 |    10 ||    18
Armor: Leather armour    |    47 |       |       ||    47
       Scale mail        |     3 |    24 |     7 ||    34
       Ring mail         |       |     7 |    28 ||    35
       Skin              |       |     1 |       ||     1
Dodge: Dodged            |   104 |    53 |   100 ||   257
